[Event "ICC tourney 2533 (25 5)"]
[Site "Internet Chess Club"]
[Date "2021.04.25"]
[Round "5"]
[White "KAMEL, YASEEN:K09-30090598"]
[Black "ZHOU, ATHENA:K09-17305940"]
[Result "1-0"]
[ICCResult "Black resigns"]
[WhiteElo "1301"]
[BlackElo "625"]
[Opening "Vienna game"]
[ECO "C28"]
[NIC "VG.04"]
[Time "11:03:43"]
[PlyCount "65"]
[TimeControl "1500+5"]

1. e4 e5 2. Nc3 Nc6 3. Bc4 Nf6 4. d3 Bb4 5. f4 O-O 6. Nf3 Re8 7. O-O h6 8.
fxe5 Bxc3 9. bxc3 Nxe5 10. Nxe5 Rxe5 11. Bf4 Re8 12. e5 d6 13. exf6 Qxf6
14. Bd2 Qe5 15. Bxf7+ Kh8 16. Bxe8 Qxe8 17. Qe1 Qxe1 18. Raxe1 Bg4 19. Re7
Rc8 20. Rff7 c6 21. Rxg7 Bf5 22. Rxb7 Re8 23. Rge7 Rxe7 24. Rxe7 Kg8 25.
Bxh6 Kh8 26. Rxa7 d5 27. Kf2 Bg6 28. Ke3 Bf5 29. h3 Bg6 30. g4 Kg8 31. Rg7+
Kf8 32. Rxg6+ Ke8 33. Rxc6 { Black resigns } 1-0

[Event "ICC tourney 2533 (25 5)"]
[Site "Internet Chess Club"]
[Date "2021.04.25"]
[Round "5"]
[White "ANG, TIMOTHY:K09-16772800"]
[Black "GUO, FELIX:K09-17353890"]
[Result "0-1"]
[ICCResult "White checkmated"]
[WhiteElo "833"]
[BlackElo "1303"]
[Opening "Four knights: Italian variation"]
[ECO "C47"]
[NIC "RG.01"]
[Time "11:02:19"]
[PlyCount "98"]
[TimeControl "1500+5"]

1. e4 e5 2. Nf3 Nf6 3. Nc3 Nc6 4. Bc4 Nxe4 5. Bxf7+ Kxf7 6. Nxe4 d5 7. Ng3
Bg4 8. d3 Bc5 9. Ng5+ Qxg5 10. Bxg5 Bxd1 11. Rxd1 Nd4 12. Rd2 Ne6 13. Be3
d4 14. O-O dxe3 15. fxe3+ Ke8 16. Nf5 Rf8 17. d4 exd4 18. exd4 Bb6 19. Kh1
g6 20. Re2 Kd7 21. d5 Nd4 22. Re7+ Kd8 23. Rxh7 Nxf5 24. Re1 Ne3 25. h3
Nxc2 26. Rd1 Ne3 27. Re1 c6 28. dxc6 bxc6 29. Rg7 Bc7 30. Rxg6 Kd7 31. Kg1
Bb6 32. Kh1 Rf1+ 33. Rxf1 Nxf1 34. Rg7+ Kd6 35. Rg6+ Kc5 36. Rg5+ Kb4 37.
Rg4+ Ka5 38. b3 Re8 39. a3 Re1 40. Ra4+ Kb5 41. Rb4+ Kc5 42. Rc4+ Kd6 43.
Rf4 Be3 44. Rf6+ Ke7 45. Rg6 Bf2 46. g4 Ne3+ 47. Kh2 Rg1 48. Rg7+ Kf6 49.
Rh7 Nf1# { White checkmated } 0-1

[Event "ICC tourney 2533 (25 5)"]
[Site "Internet Chess Club"]
[Date "2021.04.25"]
[Round "5"]
[White "GHODAKE, SPARSH:K09-16884947"]
[Black "N REDDY, AARUSH:K09-16740913"]
[Result "1-0"]
[ICCResult "Black resigns"]
[WhiteElo "1242"]
[BlackElo "734"]
[Opening "English opening"]
[ECO "A20"]
[NIC "EO.24"]
[Time "11:03:43"]
[PlyCount "45"]
[TimeControl "1500+5"]

1. c4 e5 2. g3 d6 3. Bg2 Nf6 4. Nc3 Nc6 5. e3 a6 6. Nge2 Bd7 7. O-O Be7 8.
b3 O-O 9. Bb2 Rb8 10. d4 exd4 11. Nxd4 Nxd4 12. exd4 b5 13. Qd3 bxc4 14.
Qxc4 Qc8 15. Rac1 Bh3 16. Na4 Bxg2 17. Kxg2 Qb7+ 18. Kg1 Rbc8 19. Rfe1 Rfe8
20. Rcd1 Ng4 21. d5 Bg5 22. Qxg4 Bf6 23. Bxf6 { Black resigns } 1-0

[Event "ICC tourney 2533 (25 5)"]
[Site "Internet Chess Club"]
[Date "2021.04.25"]
[Round "5"]
[White "VUTUKURY, DHRUVA:K09-15485164"]
[Black "N DAAS, CHIRAG:K09-16003211"]
[Result "1-0"]
[ICCResult "Black resigns"]
[WhiteElo "930"]
[BlackElo "470"]
[Opening "QGD: 4.Bg5 Be7"]
[ECO "D53"]
[NIC "QO.13"]
[Time "11:02:30"]
[PlyCount "69"]
[TimeControl "1500+5"]

1. d4 d5 2. c4 e6 3. Nc3 Nf6 4. Bg5 Be7 5. cxd5 exd5 6. Nf3 Nc6 7. e3 O-O
8. Qc2 h6 9. Bh4 Be6 10. Bb5 Nb4 11. Qd2 a6 12. Bd3 Nxd3+ 13. Qxd3 b6 14.
Ne5 Nd7 15. Nc6 Qe8 16. Bxe7 Nb8 17. Bxf8 Nxc6 18. Ba3 b5 19. Bc5 b4 20.
Ne2 a5 21. Nf4 a4 22. O-O Bc8 23. Nxd5 Qd7 24. Nxb4 Nxb4 25. Bxb4 Ba6 26.
Qe4 Re8 27. Qf3 Bxf1 28. Rxf1 Qb5 29. a3 Rd8 30. h3 Qd3 31. Qc6 Kh8 32.
Qxc7 Rg8 33. Qxf7 Qc2 34. Bc3 Rc8 35. d5 { Black resigns } 1-0

[Event "ICC tourney 2533 (25 5)"]
[Site "Internet Chess Club"]
[Date "2021.04.25"]
[Round "5"]
[White "J REEMALA, ANISH:K09-15202281"]
[Black "RAJBHANDARI, NIRVANA:K09-16146937"]
[Result "0-1"]
[ICCResult "White checkmated"]
[WhiteElo "615"]
[BlackElo "1200"]
[Opening "King's Indian: Zinnowitz variation"]
[ECO "E90"]
[NIC "KI.21"]
[Time "11:01:45"]
[PlyCount "48"]
[TimeControl "1500+5"]

1. d4 Nf6 2. c4 g6 3. Nc3 Bg7 4. e4 d6 5. Nf3 O-O 6. Bg5 Nc6 7. Be2 e5 8.
d5 Ne7 9. O-O h6 10. Be3 Nh5 11. Qd2 Kh7 12. Rac1 f5 13. exf5 Bxf5 14. Nh4
Bd7 15. Bxh5 gxh5 16. Qd3+ Kg8 17. Ng6 Bf5 18. Nxe7+ Qxe7 19. Qd2 Qf6 20.
f4 Qh4 21. fxe5 Bxe5 22. Bxh6 Bxh2+ 23. Kh1 Bg3+ 24. Kg1 Qh2# { White
checkmated } 0-1

[Event "ICC tourney 2533 (25 5)"]
[Site "Internet Chess Club"]
[Date "2021.04.25"]
[Round "5"]
[White "BUCHIREDDY, SAMHITHA:K09-30014268"]
[Black "SHAH, ROSHAN:K09-15246447"]
[Result "0-1"]
[ICCResult "White resigns"]
[WhiteElo "842"]
[BlackElo "1320"]
[Opening "Sicilian: Alapin's variation (2.c3)"]
[ECO "B22"]
[NIC "SI.46"]
[Time "11:00:41"]
[PlyCount "50"]
[TimeControl "1500+5"]

1. e4 c5 2. c3 Nc6 3. Nf3 g6 4. d4 cxd4 5. cxd4 Bg7 6. Bb5 Nf6 7. e5 Nd5 8.
O-O O-O 9. Qb3 e6 10. Nc3 Nc7 11. Ne4 d5 12. Bg5 f6 13. exf6 dxe4 14. fxg7
Rxf3 15. gxf3 Qxg5+ 16. Kh1 Nxd4 17. Qb4 Qf6 18. Qc3 Ncxb5 19. Qc5 Kxg7 20.
fxe4 b6 21. Qc1 Qh4 22. f3 Nxf3 23. Rxf3 Qxe4 24. Qe3 Bb7 25. Rf1 Nd4 {
White resigns } 0-1

[Event "ICC tourney 2533 (25 5)"]
[Site "Internet Chess Club"]
[Date "2021.04.25"]
[Round "5"]
[White "KALIKIRI, SAKETH:K09-15532792"]
[Black "GOWDA, PRAKYATH:K09-16326375"]
[Result "1-0"]
[ICCResult "Black resigns"]
[WhiteElo "1181"]
[BlackElo "383"]
[Opening "Scandinavian defense"]
[ECO "B01"]
[NIC "SD.03"]
[Time "11:00:14"]
[PlyCount "71"]
[TimeControl "1500+5"]

1. e4 d5 2. exd5 Nf6 3. Nc3 Nxd5 4. Nxd5 Qxd5 5. d4 e5 6. dxe5 Qxd1+ 7.
Kxd1 Bc5 8. f3 O-O 9. Bd3 Bd4 10. f4 Bg4+ 11. Be2 Bf5 12. Nf3 Nc6 13. Bb5
Rad8 14. Nxd4 Nxd4 15. Bd3 Bxd3 16. cxd3 Nf5 17. Ke2 Nd4+ 18. Kd2 Ne6 19.
Ke3 Rd4 20. f5 Rd5 21. fxe6 Rxe5+ 22. Kf2 Rxe6 23. Be3 a6 24. Rhe1 Rd6 25.
Rad1 Rc6 26. Rc1 Rd6 27. d4 Rb6 28. b3 Rc8 29. Kg1 h6 30. d5 Rd6 31. Red1
Kh7 32. Bf4 Rf6 33. Rxc7 Rxc7 34. Bxc7 Rf5 35. d6 Rc5 36. d7 { Black
resigns } 1-0

[Event "ICC tourney 2533 (25 5)"]
[Site "Internet Chess Club"]
[Date "2021.04.25"]
[Round "5"]
[White "SHEORAN, SAANVI:K09-17350815"]
[Black "MULLINIX, NICHOLAS:K09-17060845"]
[Result "1/2-1/2"]
[ICCResult "Game drawn by mutual agreement"]
[WhiteElo "730"]
[BlackElo "221"]
[Opening "King's pawn game"]
[ECO "C50"]
[NIC "IG.03"]
[Time "11:02:30"]
[PlyCount "114"]
[TimeControl "1500+5"]

1. e4 e5 2. Nf3 Nc6 3. Bc4 h6 4. Nc3 Nf6 5. d3 Bb4 6. Bd2 O-O 7. O-O d6 8.
h3 a6 9. a3 Bxc3 10. Bxc3 Qe7 11. Qe2 Be6 12. Bxe6 Qxe6 13. Rad1 Rad8 14.
d4 b6 15. d5 Qe7 16. dxc6 Qe8 17. Qxa6 Qxc6 18. Qe2 Nxe4 19. Rd3 Nxc3 20.
Rxc3 Qd7 21. Rd1 d5 22. Nxe5 Qe6 23. Rxc7 Rfe8 24. Re1 Qd6 25. Rc6 Qxc6 26.
Nxc6 Rxe2 27. Rxe2 Rd6 28. Ne7+ Kf8 29. Nf5 Rf6 30. g4 h5 31. f3 g6 32. b4
gxf5 33. g5 Rg6 34. f4 f6 35. h4 fxg5 36. fxg5 f4 37. Rf2 Rd6 38. Rxf4+ Ke7
39. a4 Rc6 40. a5 bxa5 41. bxa5 Rxc2 42. g6 Rc1+ 43. Kg2 Rc2+ 44. Kg1 Rc1+
45. Kg2 Rc2+ 46. Kf3 Rc3+ 47. Kg2 Rc8 48. Rf3 Rg8 49. Rg3 Kf6 50. a6 d4 51.
a7 d3 52. Rxd3 Rxg6+ 53. Kf3 Rg8 54. Ra3 Ra8 55. Ke4 Ke6 56. Kd4 Kd6 57.
Kc4 Kc6 { Game drawn by mutual agreement } 1/2-1/2

[Event "ICC tourney 2533 (25 5)"]
[Site "Internet Chess Club"]
[Date "2021.04.25"]
[Round "5"]
[White "MAHAJAN, EASHAN:K09-16803522"]
[Black "Y NG, EUGENE:K09-17199947"]
[Result "0-1"]
[ICCResult "White checkmated"]
[WhiteElo "885"]
[BlackElo "1359"]
[Opening "Giuoco Piano"]
[ECO "C54"]
[NIC "IG.02"]
[Time "11:01:57"]
[PlyCount "70"]
[TimeControl "1500+5"]

1. e4 e5 2. Nf3 Nc6 3. Bc4 Bc5 4. c3 Nf6 5. d4 exd4 6. cxd4 Bb6 7. Nc3 d6
8. O-O O-O 9. Bg5 Bg4 10. h3 Bxf3 11. Qxf3 Nxd4 12. Qd1 h6 13. Bh4 Qe7 14.
Nd5 Qxe4 15. Bxf6 Nf3+ 16. Qxf3 Qxc4 17. Nxb6 axb6 18. Bc3 Rxa2 19. Rxa2
Qxa2 20. Qxb7 Qc4 21. Re1 d5 22. Rd1 Rd8 23. Rd4 Qc5 24. Qa7 Qd6 25. Qa4 c5
26. Rd3 d4 27. Bd2 Qg6 28. Qc4 Rb8 29. Qb5 Qe4 30. Kf1 Ra8 31. Kg1 Qe2 32.
Bf4 Ra1+ 33. Kh2 Qxf2 34. Qxb6 Qxf4+ 35. g3 Qf2# { White checkmated } 0-1

[Event "ICC tourney 2533 (25 5)"]
[Site "Internet Chess Club"]
[Date "2021.04.25"]
[Round "5"]
[White "ANANTHARAMAN, AASHISH:K09-15992442"]
[Black "CHI, ZIYANG:K09-16218796"]
[Result "1-0"]
[ICCResult "Black checkmated"]
[WhiteElo "1366"]
[BlackElo "879"]
[Opening "King's pawn game"]
[ECO "C50"]
[NIC "IG.03"]
[Time "11:03:35"]
[PlyCount "113"]
[TimeControl "1500+5"]

1. e4 e5 2. Nf3 Nc6 3. Bc4 Nd4 4. Nxd4 exd4 5. d3 Nf6 6. O-O Bd6 7. Re1 O-O
8. e5 Bb4 9. c3 dxc3 10. bxc3 Bxc3 11. Nxc3 Ne8 12. Ba3 d6 13. exd6 cxd6
14. Ne4 d5 15. Bxf8 Kxf8 16. Qf3 dxc4 17. dxc4 Be6 18. Rad1 Qc7 19. c5 Rd8
20. Rxd8 Qxd8 21. Rd1 Qa5 22. Nd6 Qxc5 23. Nxe8 Kxe8 24. Re1 b5 25. Qa8+
Kd7 26. Rd1+ Kc7 27. Qd8+ Kb7 28. h3 b4 29. Qd4 Qa5 30. Qe4+ Kb6 31. Rd6+
Kc7 32. Qc6+ Kb8 33. Qe8+ Bc8 34. Qxf7 a6 35. Qd5 Qxd5 36. Rxd5 a5 37. Rxa5
Be6 38. Kh2 Kc7 39. Ra7+ Kb6 40. Ra4 Kb5 41. Ra8 Bd5 42. Rb8+ Ka5 43. Kg3
Bxa2 44. Ra8+ Kb5 45. Rxa2 Kc4 46. Kf3 b3 47. Ra4+ Kc3 48. Ra8 Kb2 49. Ke3
Kb1 50. Kd2 b2 51. Rb8 g5 52. Kc3 Ka2 53. Rxb2+ Ka3 54. Rb8 Ka2 55. Rb7 Ka1
56. Kc2 Ka2 57. Ra7# { Black checkmated } 1-0

[Event "ICC tourney 2533 (25 5)"]
[Site "Internet Chess Club"]
[Date "2021.04.25"]
[Round "5"]
[White "THIMMASAMUDRAM, SANDEEP:K09-16278356"]
[Black "TRAN, NUGEN:K09-16809941"]
[Result "0-1"]
[ICCResult "White resigns"]
[WhiteElo "863"]
[BlackElo "1350"]
[Opening "Giuoco Pianissimo: Italian four knights variation"]
[ECO "C50"]
[NIC "IG.02"]
[Time "11:01:42"]
[PlyCount "56"]
[TimeControl "1500+5"]

1. e4 e5 2. Nf3 Nc6 3. Bc4 Bc5 4. Nc3 Nf6 5. d3 h6 6. h3 d6 7. Be3 Bxe3 8.
fxe3 O-O 9. O-O Be6 10. Bb3 Qd7 11. Nh2 Ne7 12. d4 exd4 13. exd4 Bxb3 14.
axb3 Ng6 15. Qe2 Rfe8 16. Qf2 Nxe4 17. Nxe4 Rxe4 18. c3 a6 19. Qc2 Rae8 20.
Ng4 Re2 21. Qd3 Rxb2 22. Rf6 Qc6 23. Rf2 Nf4 24. Qf5 Rxf2 25. d5 Rxg2+ 26.
Kh1 Qxc3 27. Qxf4 Qxh3+ 28. Nh2 Ree2 { White resigns } 0-1

[Event "ICC tourney 2533 (25 5)"]
[Site "Internet Chess Club"]
[Date "2021.04.25"]
[Round "5"]
[White "FAN, JEREMY:K09-16878614"]
[Black "REYNOLDS, TYLER:K09-15100161"]
[Result "0-1"]
[ICCResult "White checkmated"]
[WhiteElo "715"]
[BlackElo "1207"]
[Opening "Sicilian: Pelikan (Lasker/Sveshnikov) variation"]
[ECO "B33"]
[NIC "SI.35"]
[Time "11:02:04"]
[PlyCount "44"]
[TimeControl "1500+5"]

1. e4 c5 2. Nf3 Nc6 3. d4 cxd4 4. Nxd4 Nf6 5. Nc3 e5 6. Ndb5 d6 7. h3 a6 8.
Na3 b5 9. Nd5 Nxe4 10. Qf3 f5 11. g4 Nd4 12. Qg2 Bb7 13. f3 Qh4+ 14. Kd1
Nf2+ 15. Kd2 Bxd5 16. Rh2 Nxf3+ 17. Ke2 Nd4+ 18. Ke3 Bxg2 19. Rxg2 Ne4 20.
c3 Qe1+ 21. Be2 Nxe2 22. Rxe2 Qg3# { White checkmated } 0-1

[Event "ICC tourney 2533 (25 5)"]
[Site "Internet Chess Club"]
[Date "2021.04.25"]
[Round "5"]
[White "ZHAO, CALEB:K09-17115255"]
[Black "MCCOY, KEVIN:K09-15792666"]
[Result "0-1"]
[ICCResult "White resigns"]
[WhiteElo "402"]
[BlackElo "906"]
[Opening "Giuoco Piano"]
[ECO "C50"]
[NIC "IG.02"]
[Time "11:03:06"]
[PlyCount "64"]
[TimeControl "1500+5"]

1. e4 e5 2. Nf3 Nc6 3. Bc4 Bc5 4. O-O Nge7 5. Nc3 O-O 6. d3 h6 7. Bd2 d6 8.
Nh4 Nd4 9. Nf5 Nexf5 10. exf5 Bxf5 11. Nd5 c6 12. Ne3 d5 13. Nxf5 Nxf5 14.
Bb3 Nd4 15. Ba4 b5 16. b4 Bd6 17. c3 Ne6 18. d4 bxa4 19. Qxa4 Qc7 20. g3
exd4 21. cxd4 Nxd4 22. Bc3 Ne2+ 23. Kg2 Nxc3 24. Qb3 Ne4 25. f4 Nd2 26. Qd1
Nxf1 27. Qxf1 Rab8 28. Re1 Rxb4 29. Rb1 Rxb1 30. Qxb1 Qb8 31. h4 Qxb1 32.
g4 Qc2+ { White resigns } 0-1

[Event "ICC tourney 2533 (25 5)"]
[Site "Internet Chess Club"]
[Date "2021.04.25"]
[Round "5"]
[White "GREGORY HELLBUSCH, MATTHEW:K09-16265240"]
[Black "T ZHANG, ANDREW:K09-16058226"]
[Result "0-1"]
[ICCResult "White checkmated"]
[WhiteElo "683"]
[BlackElo "1389"]
[Opening "French defense"]
[ECO "C00"]
[NIC "FR.01"]
[Time "11:00:16"]
[PlyCount "118"]
[TimeControl "1500+5"]

1. e4 e6 2. Nc3 d5 3. d3 Nf6 4. Nf3 Bb4 5. Be2 d4 6. Bd2 dxc3 7. bxc3 Bd6
8. O-O O-O 9. Bg5 h6 10. Be3 Ng4 11. e5 Nxe3 12. fxe3 Bc5 13. d4 Be7 14.
Qd2 Nc6 15. Bb5 Bd7 16. Be2 Be8 17. Qd3 f5 18. Rab1 b6 19. Bd1 Bh5 20. Qd2
Bxf3 21. Bxf3 Qd7 22. Qd3 Rad8 23. Rfd1 Bg5 24. Re1 Ne7 25. Qd2 Nd5 26.
Bxd5 Qxd5 27. Qd3 f4 28. exf4 Rxf4 29. c4 Qxd4+ 30. Qxd4 Rdxd4 31. g3 Rf5
32. Rb4 Bd2 33. Rd1 Bxb4 34. Rxd4 Bc5 35. c3 Bxd4+ 36. cxd4 Kf7 37. g4 Rf4
38. h3 Rxd4 39. Kf2 Rxc4 40. Kg3 g5 41. h4 Rc3+ 42. Kf2 gxh4 43. Kg2 h3+
44. Kh2 Kg6 45. Kh1 Rc2 46. Kg1 Rg2+ 47. Kh1 Rxa2 48. Kg1 Rg2+ 49. Kh1 Ra2
50. Kg1 h2+ 51. Kh1 Ra4 52. Kxh2 Rxg4 53. Kh3 Rg5 54. Kh4 a5 55. Kh3 a4 56.
Kh4 a3 57. Kh3 a2 58. Kh4 a1=Q 59. Kh3 Qh1# { White checkmated } 0-1

[Event "ICC tourney 2533 (25 5)"]
[Site "Internet Chess Club"]
[Date "2021.04.25"]
[Round "5"]
[White "KIM, CALVIN:K09-16320250"]
[Black "KRISHNA VANA, JESHWANT:K09-17291927"]
[Result "1-0"]
[ICCResult "Black resigns"]
[WhiteElo "778"]
[BlackElo "354"]
[Opening "Caro-Kann defense"]
[ECO "B10"]
[NIC "CK.01"]
[Time "11:02:05"]
[PlyCount "77"]
[TimeControl "1500+5"]

1. e4 c6 2. Nf3 d5 3. exd5 cxd5 4. d4 e6 5. Nc3 Bd6 6. g3 Nf6 7. Bg2 O-O 8.
O-O Nbd7 9. Re1 b6 10. Nb5 Be7 11. Bf4 a6 12. Nd6 Bxd6 13. Bxd6 Re8 14. Ne5
b5 15. Nxd7 Qxd7 16. Be5 Qe7 17. Bxf6 Qxf6 18. Qf3 Qxf3 19. Bxf3 Bb7 20. b3
Rac8 21. Rac1 Re7 22. c4 bxc4 23. bxc4 Rec7 24. c5 g6 25. Rc3 f6 26. Rb1
Re7 27. Rcb3 Rb8 28. Be2 e5 29. Bxa6 Ree8 30. Rxb7 Ra8 31. Bb5 Reb8 32. Bc6
Rxb7 33. Bxd5+ Kf8 34. Rxb7 Rxa2 35. dxe5 fxe5 36. Bxa2 h5 37. Rd7 g5 38.
c6 Ke8 39. Rd1 { Black resigns } 1-0

[Event "ICC tourney 2533 (25 5)"]
[Site "Internet Chess Club"]
[Date "2021.04.25"]
[Round "5"]
[White "RAMASAMY, KAVIN:K09-16465450"]
[Black "ARMAN NEISHABOURI, JAMES:K09-16811338"]
[Result "1-0"]
[ICCResult "Black checkmated"]
[WhiteElo "915"]
[BlackElo "427"]
[Opening "Queen's pawn game, Chigorin variation"]
[ECO "A04"]
[NIC "QP.11"]
[Time "11:01:46"]
[PlyCount "61"]
[TimeControl "1500+5"]

1. Nf3 Nc6 2. d4 d5 3. g3 Nf6 4. Bg2 g6 5. O-O Bg7 6. Nbd2 Ne4 7. c3 Nxd2
8. Bxd2 e5 9. dxe5 Nxe5 10. Nxe5 Bxe5 11. f4 Bg7 12. e4 d4 13. e5 h5 14.
Re1 h4 15. Qa4+ Bd7 16. Qxd4 c6 17. Rad1 Qc7 18. Qd6 O-O-O 19. Be3 hxg3 20.
hxg3 Rh6 21. Qxc7+ Kxc7 22. a4 Rdh8 23. Kf2 f6 24. Bd4 b6 25. exf6 Bf8 26.
Be5+ Kb7 27. Rxd7+ Ka6 28. f7 R8h7 29. Bxc6 Rh5 30. Bb5+ Ka5 31. Rxa7# {
Black checkmated } 1-0

[Event "ICC tourney 2533 (25 5)"]
[Site "Internet Chess Club"]
[Date "2021.04.25"]
[Round "5"]
[White "MELILLO, LUCIUS:K09-15570195"]
[Black "SIRAVURI, ARYAN:K09-15570085"]
[Result "1-0"]
[ICCResult "Black checkmated"]
[WhiteElo "1881"]
[BlackElo "104"]
[Opening "QGD: exchange, positional line"]
[ECO "D35"]
[NIC "QO.16"]
[Time "11:01:16"]
[PlyCount "59"]
[TimeControl "1500+5"]

1. d4 d5 2. c4 e6 3. Nc3 Nf6 4. cxd5 exd5 5. Bg5 Be6 6. Nf3 Be7 7. e3 O-O
8. Bd3 Nc6 9. a3 h6 10. Bh4 Bg4 11. O-O Qd7 12. Be2 Ne4 13. Bxe7 Qxe7 14.
h3 Nxc3 15. bxc3 Be6 16. a4 Qd7 17. a5 a6 18. Qb3 Rab8 19. c4 dxc4 20. Bxc4
Bxc4 21. Qxc4 Qe6 22. Qc3 g5 23. Rfd1 g4 24. d5 Qf5 25. hxg4 Qxg4 26. dxc6
bxc6 27. Qxc6 h5 28. Qh6 f5 29. Ng5 h4 30. Qh7# { Black checkmated } 1-0

[Event "ICC tourney 2533 (25 5)"]
[Site "Internet Chess Club"]
[Date "2021.04.25"]
[Round "5"]
[White "KOTARU, ADITYA:K09-15453455"]
[Black "THOMAS, JOHNATHAN:K09-16893496"]
[Result "1/2-1/2"]
[ICCResult "Game drawn by repetition"]
[WhiteElo "1451"]
[BlackElo "927"]
[Opening "Nimzovich-Larsen attack: modern variation"]
[ECO "A01"]
[NIC "VO.08"]
[Time "11:03:22"]
[PlyCount "134"]
[TimeControl "1500+5"]

1. b3 e5 2. Bb2 Nc6 3. e3 d5 4. c4 Be6 5. cxd5 Bxd5 6. Nc3 Nf6 7. Nxd5 Nxd5
8. Bc4 Bc5 9. Nf3 f6 10. d4 Bb4+ 11. Nd2 Nb6 12. O-O Nxc4 13. Nxc4 Bd6 14.
dxe5 Nxe5 15. Nxe5 Bxe5 16. Bxe5 fxe5 17. Qh5+ Kf8 18. Qxe5 Qd6 19. Qxd6+
cxd6 20. Rad1 Ke7 21. Rc1 Rac8 22. h3 Kd7 23. Rc4 Rxc4 24. bxc4 Rc8 25. Rc1
b5 26. Kf1 Rxc4 27. Rxc4 bxc4 28. Ke2 d5 29. Kd2 Ke6 30. Kc3 Ke5 31. f3 g5
32. g3 h5 33. g4 h4 34. f4+ gxf4 35. exf4+ Kxf4 36. Kd4 Kg5 37. Kc3 a5 38.
a3 Kg6 39. Kd4 Kg5 40. Kc3 Kf4 41. Kd4 Kg5 42. Ke3 Kf6 43. Kf4 d4 44. Ke4
c3 45. Kd3 Kg5 46. Kc2 a4 47. Kd3 Kf6 48. Kc2 Kg5 49. Kd3 Kf6 50. Kc2 Kg5
51. Kd3 Kf6 52. Kc2 Kg5 53. Kd3 Kf6 54. Kc2 Kg5 55. Kd3 Kf6 56. Kc2 Kg5 57.
Kd3 Kf6 58. Kc2 Kg5 59. Kd3 Kf6 60. Kc2 Kg5 61. Kd3 Kf6 62. Kc2 Kg5 63. Kd3
Kf6 64. Kc2 Kg5 65. Kd3 Kf6 66. Kc2 Kg5 67. Kd3 Kf6 { Game drawn by
repetition } 1/2-1/2

[Event "ICC tourney 2533 (25 5)"]
[Site "Internet Chess Club"]
[Date "2021.04.25"]
[Round "5"]
[White "GUERRERIO, CHRISTOPHER:K09-16206065"]
[Black "KIM, JOON:K09-16270585"]
[Result "0-1"]
[ICCResult "White resigns"]
[WhiteElo "530"]
[BlackElo "1182"]
[Opening "QGD: 4.Bg5 Nbd7"]
[ECO "D51"]
[NIC "QO.16"]
[Time "11:01:04"]
[PlyCount "54"]
[TimeControl "1500+5"]

1. d4 d5 2. c4 e6 3. Nc3 Nf6 4. Bg5 Nbd7 5. cxd5 exd5 6. Nxd5 h6 7. Nxf6+
Nxf6 8. Bd2 Qxd4 9. Bc3 Qb6 10. a3 Bc5 11. e3 O-O 12. Nf3 Bg4 13. Be2 Rfd8
14. Qc2 Rd7 15. O-O Rad8 16. Rfd1 Rd5 17. Bxf6 Qxf6 18. Rxd5 Rxd5 19. h3
Bf5 20. Qb3 Rd6 21. Qxb7 Bb6 22. Rf1 Qxb2 23. Qa6 Bxe3 24. fxe3 Rxa6 25.
Bxa6 Qxa3 26. Be2 Qxe3+ 27. Kh1 Qxe2 { White resigns } 0-1

[Event "ICC tourney 2533 (25 5)"]
[Site "Internet Chess Club"]
[Date "2021.04.25"]
[Round "5"]
[White "BALAMURUGAN, ABHIJAY:K09-16913354"]
[Black "HU, MERRIC:K09-14686967"]
[Result "0-1"]
[ICCResult "White resigns"]
[WhiteElo "1026"]
[BlackElo "2275"]
[Opening "Sicilian defense"]
[ECO "B30"]
[NIC "SI.31"]
[Time "11:00:34"]
[PlyCount "82"]
[TimeControl "1500+5"]

1. e4 c5 2. Nf3 Nc6 3. Bc4 e6 4. Nc3 g6 5. d4 cxd4 6. Nxd4 a6 7. Nxc6 bxc6
8. Qd4 Qf6 9. Qxf6 Nxf6 10. O-O d5 11. exd5 exd5 12. Re1+ Be6 13. Bb3 Bg7
14. Ba4 Rc8 15. Bf4 O-O 16. Be5 Rfd8 17. Re2 Bf5 18. Rae1 d4 19. Bxf6 Bxf6
20. Ne4 Bg7 21. Nc5 Bf8 22. Nb7 Rd5 23. h3 Rc7 24. c4 dxc3 25. bxc3 Bc8 26.
c4 Rd3 27. Nc5 Bxc5 28. Re8+ Kg7 29. Bc2 Rd2 30. Bb3 Bxf2+ 31. Kf1 Bxe1 32.
Rxe1 Be6 33. Re5 Rd4 34. Ra5 Bxc4+ 35. Bxc4 Rxc4 36. Rxa6 Rc1+ 37. Kf2 Ra1
38. Ra8 c5 39. a4 c4 40. a5 c3 41. a6 c2 { White resigns } 0-1

[Event "ICC tourney 2533 (25 5)"]
[Site "Internet Chess Club"]
[Date "2021.04.25"]
[Round "5"]
[White "HAUSER, EVAN:K09-16622553"]
[Black "RISHI VALLISHAYEE, RIBHAV:K09-15499101"]
[Result "0-1"]
[ICCResult "White resigns"]
[WhiteElo "1231"]
[BlackElo "544"]
[Opening "Evans gambit"]
[ECO "C52"]
[NIC "IG.05"]
[Time "11:02:08"]
[PlyCount "92"]
[TimeControl "1500+5"]

1. e4 e5 2. Nf3 Nc6 3. Bc4 Bc5 4. b4 Bxb4 5. c3 Ba5 6. O-O Nf6 7. Re1 O-O
8. d4 exd4 9. Nxd4 Nxd4 10. Qxd4 Bb6 11. Qd3 d6 12. Bf4 Re8 13. Nd2 d5 14.
exd5 Bg4 15. h3 Bh5 16. Nf3 Bg6 17. Qd2 Ne4 18. Rxe4 Rxe4 19. Bb3 c6 20. d6
Qd7 21. Nh4 Rd8 22. Nxg6 hxg6 23. Bg3 Bc5 24. Rd1 Ree8 25. Qd3 Qf5 26. d7
Re7 27. Bh4 Rexd7 28. Qe2 Rxd1+ 29. Bxd1 Rd5 30. Bg3 Qg5 31. Bb3 Rd2 32.
Qe8+ Kh7 33. Kh2 Bxf2 34. Bxf2 Rxf2 35. Qe4 Rf4 36. Qe3 Qh4 37. g3 Re4 38.
Qf3 Qe7 39. Bxf7 Re3 40. Qf4 Re2+ 41. Kg1 Re1+ 42. Kg2 Re2+ 43. Kf3 Re1 44.
Kg4 Qd7+ 45. Kh4 Qe7+ 46. Kg4 Re4 { White resigns } 0-1

[Event "ICC tourney 2533 (25 5)"]
[Site "Internet Chess Club"]
[Date "2021.04.25"]
[Round "5"]
[White "EISENBRAUN, TYLER:K09-30031250"]
[Black "KOLLIPARA, ADVAITH:K09-15014487"]
[Result "1-0"]
[ICCResult "Black checkmated"]
[WhiteElo "472"]
[BlackElo "1648"]
[Opening "Réti opening"]
[ECO "A04"]
[NIC "QP.11"]
[Time "11:00:50"]
[PlyCount "73"]
[TimeControl "1500+5"]

1. Nf3 e6 2. g3 d5 3. Bg2 Nf6 4. O-O c5 5. d4 Nc6 6. dxc5 Bxc5 7. Bg5 O-O
8. e3 h6 9. Bh4 g5 10. Nxg5 hxg5 11. Bxg5 Be7 12. Qe2 Ne5 13. e4 Ng6 14.
exd5 Nxd5 15. Bh6 Re8 16. c4 Nf6 17. Nc3 Bf8 18. Bg5 Be7 19. Rad1 Qc7 20.
Nb5 Qb6 21. b4 Nd7 22. c5 Qd8 23. Bxe7 Rxe7 24. Nd6 Rb8 25. h4 f5 26. Qh5
Rg7 27. Nxf5 exf5 28. Rfe1 Qf6 29. Bd5+ Kf8 30. Re6 Qf7 31. Rd6 Qe8 32.
Qxf5+ Ke7 33. Qg5+ Kf8 34. Rf6+ Nxf6 35. Qxf6+ Rf7 36. Bxf7 Qxf7 37. Rd8# {
Black checkmated } 1-0

[Event "ICC tourney 2533 (25 5)"]
[Site "Internet Chess Club"]
[Date "2021.04.25"]
[Round "5"]
[White "SUN, YIYI:K09-16380808"]
[Black "SREEJAN BAYYARAPU, MOHIT:K09-15582120"]
[Result "0-1"]
[ICCResult "White checkmated"]
[WhiteElo "1133"]
[BlackElo "1742"]
[Opening "Sicilian defense"]
[ECO "B40"]
[NIC "SI.43"]
[Time "11:00:20"]
[PlyCount "56"]
[TimeControl "1500+5"]

1. e4 c5 2. Nf3 e6 3. Nc3 a6 4. a4 d6 5. Be2 Nf6 6. h3 Be7 7. d4 cxd4 8.
Nxd4 Qc7 9. Be3 O-O 10. Qd2 Nc6 11. O-O Rd8 12. Rad1 d5 13. exd5 Nxd5 14.
Nxc6 bxc6 15. Nxd5 cxd5 16. c3 a5 17. Qc2 Ba6 18. Bxa6 Rxa6 19. Qd3 Raa8
20. Qd4 Rab8 21. Rb1 Qc6 22. Qg4 Kh8 23. Bd4 Bf6 24. Bxf6 gxf6 25. Qf4 e5
26. Qf5 Rg8 27. Qh5 d4 28. Qxf7 Qxg2# { White checkmated } 0-1